 Dungeon Crawl Stone Soup version 0.31-a0-237-g2d982f9f85 (webtiles) character file.

Game seed: 12006287842666354990

1523 qw the Skirmisher (level 8, 0/51 HPs)
             Began as a Gargoyle Hexslinger on July 10, 2023.
             Was a Follower of Okawaru.
             Slain by Menkaure (14 damage)
             ... on level 5 of the Dungeon.
             The game lasted 00:02:32 (4932 turns).

qw the Skirmisher (Gargoyle Hexslinger)             Turns: 4932, Time: 00:02:32

Health: 0/51       AC: 17    Str: 17    XL:     8   Next: 84%
Magic:  8/9        EV: 13    Int: 12    God:    Okawaru [*.....]
Gold:   218        SH:  0    Dex: 13    Spells: 8/9 levels left

rFire   + . .        o - +0 orcbow
rCold   . . .        (shield currently unavailable)
rNeg    + . .        b - +2 ring mail {rF+}
rPois   inf          (helmet restricted)
rElec   +            (no cloak)
rCorr   +            e - +2 pair of gloves
SInv    .            (no boots)
Will    +....        (no amulet)
Stlth   +++          j - ring of resist corrosion
HPRegen 0.28/turn    h - ring of willpower
MPRegen 0.11/turn

%: no passive effects
@: heroic
A: sickness immunity, AC +5, negative energy resistance 1, electricity
resistance, torment resistance 1, petrification resistance, antennae 1,
camouflage 1, strong 1
a: Renounce Religion, Heroism


You were on level 5 of the Dungeon.
You worshipped Okawaru.
Okawaru was aware of your devotion.
You visited 2 branches of the dungeon, and saw 6 of its levels.
You also visited: Sewer.

You collected 218 gold pieces.


Innate Abilities, Weirdness & Mutations

You are immune to sickness and miasma.
Your stone body is resilient. (AC +5)
You are immune to poison.
You resist negative energy. (rN+)
You are resistant to electric shocks. (rElec)
You are resistant to unholy torment.
You are immune to petrification.
You have a pair of small antennae on your head.
Your skin changes colour to match your surroundings (Stealth+).
Your muscles are strong. (Str +4, Int/Dex -1)


   Skills:
 + Level 5.9(10.9) Fighting
 - Level 9.1(14.1) Ranged Weapons
 - Level 2.1(7.1) Armour
 - Level 2.0(7.0) Dodging
 - Level 1.0 Spellcasting
 - Level 2.6 Hexes
 + Level 0.0 Invocations


You had 8 spell levels left.
You knew the following spells:

 Your Spells              Type           Power      Damage    Failure   Level
a - Slow                  Hex            28%        N/A       17%         1

Your spell library contained the following spells:

 Spells                   Type           Power      Damage    Failure   Level
 Inner Flame              Hex/Fire       3%         N/A       65%         3
 Portal Projectile        Hex/Tloc       6%         N/A       65%         3
 Cause Fear               Hex            3%         N/A       86%         4

Inventory:

Hand Weapons
 o - a +0 orcbow (weapon)
Armour
 b - a +2 ring mail of fire resistance (worn)
 e - a +2 pair of gloves (worn)
Jewellery
 h - a ring of willpower (right hand)
 j - a ring of resist corrosion (left hand)
Scrolls
 a - a scroll of identify
 k - a scroll of revelation {unknown}
 n - 2 scrolls of enchant armour
Potions
 c - a potion of cancellation
 d - a potion of haste
 f - a potion of curing
 g - a potion of enlightenment {unknown}
 i - a potion of resistance {unknown}
 l - 2 potions of mutation
 m - a potion of might {unknown}

Dungeon Overview and Level Annotations

Branches:
Dungeon (5/15)             Temple (1/1) D:4           Sewer (visited)

Altars:
Ashenzari
Cheibriados
Dithmenos
Elyvilon
Fedhas
Gozag
Kikubaaqudgha
Makhleb
Nemelex Xobeh
Okawaru
Ru
Trog
Wu Jian
Xom
Yredelemnul
Zin
The Shining One

Shops:
D:4 :

Annotations:
D:5 Menkaure


Message History

The arrow closely misses the orc priest.
Menkaure calls on the powers of darkness!
The orc priest convulses!
Your body is wracked with pain!
The orc priest casts a cantrip, but nothing happens.
You shoot an arrow.
The arrow completely misses the orc priest.
Menkaure closely misses you.
The orc priest hits you but does no damage.
You shoot an arrow.
The arrow hits the orc priest but does no damage.
The orc priest is severely wounded.
Menkaure hits you but does no damage.
You shoot an arrow. The arrow hits the orc priest.
The orc priest is almost dead.
The orc priest miscasts a cantrip.
Menkaure barely misses you.
You shoot an arrow. The arrow hits the orc priest!
You kill the orc priest!
Okawaru accepts your kill.
You can now gain great but temporary skills.
Menkaure breathes soot at you. Menkaure hits you but does no damage.
You shoot an arrow. The arrow hits Menkaure!
Menkaure is moderately damaged.
Menkaure completely misses you.
You shoot an arrow. The arrow hits Menkaure!
Menkaure is severely damaged.
Menkaure barely misses you.
You shoot an arrow.
The arrow hits Menkaure but does no damage.
Menkaure is severely damaged.
Menkaure misses you.
You shoot an arrow.
The arrow hits Menkaure but does no damage.
Menkaure is severely damaged.
Menkaure misses you.
You shoot an arrow. The arrow hits Menkaure.
Menkaure is severely damaged.
Menkaure hits you!
You die...

...#
##...##........###+#
...###)...#....######
...............#
.[.............#
......#........#
.......?.......#
.#..#.........#
#....)M).##.##
.......#@..###
...M##.##..# ..M. #.
#.... ..) .. ....# #
o. .. ...... ## ...
#.......# .....
...#... ...... #..
#.. ..# ##. # #..##..
#..##. .


You could see Menkaure (fast).

Vanquished Creatures
  An orc warrior (D:5)
  2 black bears
  3 ogres
  6 kobold brigands (Sewer)
  A bullfrog (D:4)
  A scorpion (D:5)
  2 hounds
  An orc priest (D:5)
  A gnoll bouda (D:4)
  Jessica (D:3)
  Natasha (thrice) (D:3)
  An orc wizard (D:5)
  10 adders
  8 gnolls
  2 river rats (Sewer)
  6 worms
  5 dart slugs
  8 orcs
  4 bats
  8 endoplasms
  6 giant cockroaches
  10 goblins
  10 hobgoblins
  9 kobolds
  5 quokkas
  7 ball pythons
  6 rats
127 creatures vanquished.

Notes
Turn   | Place    | Note
-------+----------+-------------------------------------------
     0 | D:1      | qw the Gargoyle Hexslinger began the quest for the Orb.
     0 | D:1      | Reached XP level 1. HP: 12/12 MP: 2/2
     0 | D:1      | 0 ||| qw: Version: 0.3-a-52-g30416fa
     0 | D:1      | 0 ||| qw: Game counter: 4974
     0 | D:1      | 0 ||| qw: Melee chars always use a shield: true
     0 | D:1      | 0 ||| qw: God list: Okawaru
     0 | D:1      | 0 ||| qw: Allow faded altars: false
     0 | D:1      | 0 ||| qw: Do Orc after clearing Dungeon:15 true
     0 | D:1      | 0 ||| qw: Do second Lair branch before Depths: true
     0 | D:1      | 0 ||| qw: Lair rune preference: random
     0 | D:1      | 0 ||| qw: Goals: Normal
     0 | D:1      | 0 ||| PLANNING D:1-11
   124 | D:1      | Found a faded altar of an unknown god.
   140 | D:1      | Reached XP level 2. HP: 16/16 MP: 3/3
   174 | D:1      | Reached skill level 3 in Ranged Weapons
   179 | D:1      | You fall into a shaft and drop 1 floor!
   202 | D:2      | 202 ||| UPGRADING to +0 ring mail.
   212 | D:2      | 212 ||| DROPPING +0 robe.
   213 | D:2      | 213 ||| READING 2 scrolls labelled VASIOL ERCHATUDD.
   214 | D:2      | 214 ||| DRINKING 2 red potions.
   215 | D:2      | 215 ||| DROPPING scroll of poison.
   216 | D:2      | 216 ||| DROPPING potion of attraction.
   233 | D:2      | Reached XP level 3. HP: 16/22 MP: 4/4
   461 | D:1      | Reached XP level 4. HP: 27/27 MP: 5/5
   964 | D:1      | 964 ||| UPGRADING to +2 ring mail of fire resistance.
   974 | D:1      | 974 ||| DROPPING +0 ring mail.
   975 | D:1      | 975 ||| READING scroll labelled DEBORHE QEUL.
   976 | D:1      | 976 ||| DRINKING 2 murky golden potions.
   977 | D:1      | 977 ||| READING 4 scrolls of identify.
   977 | D:1      | 977 ||| IDENTIFYING silvery potion
   978 | D:1      | 978 ||| READING 3 scrolls of identify.
   978 | D:1      | 978 ||| IDENTIFYING glowing puce potion
   979 | D:1      | 979 ||| READING 2 scrolls of identify.
   979 | D:1      | 979 ||| IDENTIFYING golden potion
  1388 | D:2      | 1388 ||| UPGRADING to +0 pair of gloves.
  1393 | D:2      | 1393 ||| UPGRADING to ring of resist corrosion.
  1394 | D:2      | 1394 ||| READING scroll labelled FORELORUOR.
  1398 | D:2      | 1398 ||| READING scroll labelled QUL ROUMUDE.
  1399 | D:2      | 1399 ||| DRINKING 2 lumpy silvery potions.
  1399 | D:2      | Gained mutation: Your muscles are strong. (Str +4, Int/Dex
                  | -1) [potion of mutation]
  1399 | D:2      | Gained mutation: Your skin changes colour to match your
                  | surroundings (Stealth+). [potion of mutation]
  1399 | D:2      | Gained mutation: You have a pair of small antennae on your
                  | head. [potion of mutation]
  1400 | D:2      | 1400 ||| READING 2 scrolls of identify.
  1400 | D:2      | 1400 ||| IDENTIFYING orange potion
  1401 | D:2      | 1401 ||| DROPPING potion of invisibility.
  1427 | D:3      | 1427 ||| PLANNING SEWER
  1430 | D:3      | Reached skill level 4 in Ranged Weapons
  1438 | D:3      | Noticed Natasha
  1452 | D:3      | HP: 4/27 [Natasha (5)]
  1453 | D:3      | 1453 ||| DRINKING 2 potions of heal wounds.
  1454 | D:3      | Killed Natasha
  1455 | D:3      | Reached skill level 1 in Armour
  1455 | D:3      | Reached XP level 5. HP: 29/32 MP: 6/6
  1532 | D:3      | Noticed a black bear
  1537 | D:3      | Noticed Natasha
  1549 | D:3      | Killed a black bear
  1550 | D:3      | Reached skill level 5 in Ranged Weapons
  1550 | D:3      | Reached XP level 6. HP: 21/36 MP: 7/7
  1559 | D:3      | HP: 8/36 [Natasha (6)]
  1560 | D:3      | 1560 ||| DRINKING potion of heal wounds.
  1564 | D:3      | Killed Natasha
  1565 | D:3      | Reached skill level 3 in Fighting
  1638 | D:3      | Noticed Jessica
  1652 | D:3      | Killed Jessica
  1824 | D:3      | Noticed Natasha
  1831 | D:3      | Killed Natasha
  1897 | D:3      | Found a glowing drain.
  1898 | D:3      | 1898 ||| UPGRADING to ring of willpower.
  1899 | D:3      | 1899 ||| READING 2 scrolls labelled ITUUME VUIL.
  1900 | D:3      | 1900 ||| READING 3 scrolls labelled KOTYTA LAHINK.
  1901 | D:3      | 1901 ||| READING 2 scrolls of enchant armour.
  1901 | D:3      | 1901 ||| ENCHANTING +0 pair of gloves.
  1902 | D:3      | 1902 ||| READING scroll of enchant armour.
  1902 | D:3      | 1902 ||| ENCHANTING +1 pair of gloves.
  1903 | D:3      | 1903 ||| DRINKING 2 purple potions.
  1904 | D:3      | 1904 ||| READING 2 scrolls of identify.
  1904 | D:3      | 1904 ||| IDENTIFYING bubbling dark potion
  1905 | D:3      | 1905 ||| DROPPING potion of brilliance.
  1906 | D:3      | 1906 ||| DROPPING scroll of fear.
  1907 | D:3      | 1907 ||| DROPPING potion of magic.
  1916 | Sewer    | Entered a sewer
  1972 | Sewer    | Reached skill level 6 in Ranged Weapons
  2114 | Sewer    | Reached XP level 7. HP: 29/43 MP: 8/8
  2231 | Sewer    | 2231 ||| Stepping ~*~*~tactically~*~*~ (water).
  2346 | Sewer    | 2346 ||| Stepping ~*~*~tactically~*~*~ (water).
  2422 | Sewer    | 2422 ||| Stepping ~*~*~tactically~*~*~ (water).
  2425 | Sewer    | 2425 ||| Stepping ~*~*~tactically~*~*~ (water).
  2470 | Sewer    | 2470 ||| Stepping ~*~*~tactically~*~*~ (water).
  2492 | Sewer    | 2492 ||| Stepping ~*~*~tactically~*~*~ (water).
  2515 | Sewer    | Reached skill level 7 in Ranged Weapons
  2680 | Sewer    | 2680 ||| Stepping ~*~*~tactically~*~*~ (water).
  2833 | Sewer    | 2833 ||| READING scroll labelled ZAEPNE FAMIU.
  2856 | D:3      | 2856 ||| PLANNING D:1-11
  3103 | D:4      | Reached XP level 8. HP: 48/48 MP: 9/9
  3138 | D:4      | Reached skill level 8 in Ranged Weapons
  3376 | D:4      | Found Utaf's Book Boutique.
  3561 | D:4      | 3561 ||| Stepping ~*~*~tactically~*~*~ (outnumbered).
  3563 | D:4      | 3563 ||| Stepping ~*~*~tactically~*~*~ (outnumbered).
  3845 | D:4      | Found a staircase to the Ecumenical Temple.
  3846 | D:4      | 3846 ||| PLANNING TEMPLE
  3846 | D:4      | 3846 ||| READING scroll labelled AZEABB TOUXZAR.
  3855 | Temple   | Entered the Ecumenical Temple
  3918 | Temple   | 3918 ||| PLANNING OKAWARU WORSHIP
  4153 | Temple   | Became a worshipper of Warmaster Okawaru
  4154 | Temple   | 4154 ||| PLANNING D:1-11
  4579 | D:5      | Entered Level 5 of the Dungeon
  4585 | D:5      | Noticed Menkaure
  4594 | D:5      | HP: 12/49 [scorpion (5)]
  4595 | D:5      | 4595 ||| READING scroll of teleportation.
  4596 | D:5      | 4596 ||| DRINKING potion of heal wounds.
  4720 | D:5      | HP: 11/49 [hound (3)]
  4726 | D:5      | Reached skill level 9 in Ranged Weapons
  4872 | D:5      | 4872 ||| SWAPPING to +0 orcbow.
  4873 | D:5      | 4873 ||| DROPPING +2 sling of freezing.
  4900 | D:5      | 4900 ||| Stepping ~*~*~tactically~*~*~ (outnumbered).
  4901 | D:5      | 4901 ||| Stepping ~*~*~tactically~*~*~ (outnumbered).
  4904 | D:5      | 4904 ||| Stepping ~*~*~tactically~*~*~ (outnumbered).
  4921 | D:5      | Reached * piety under Okawaru
  4922 | D:5      | 4922 ||| INVOKING Heroism.
  4923 | D:5      | HP: 12/51 [??? (2)]
  4932 | D:5      | Slain by Menkaure

Levels and vault maps discovered:
D:1:      wander_arrival_desolate, layout_loops_corners,
          dreamdust_ecumenical_altar_angels_and_demons, hex_large,
          chequers_serial_rivers_small_b, minivault_4
D:2:      layout_rooms
D:3:      layout_rooms, portal_sewer_entry_d, kennysheep_jessica_study,
          uniq_natasha
D:4:      layout_basic, lemuel_temple_firewalk_b, serial_shops,
          nicolae_shop_waterfront
D:5:      layout_cave_pools, mainiacjoe_overflow_alcove_4,
          lightli_corner_chamber, uniq_menkaure
Temple:   minmay_temple_bridge_d

Skill      XL: |  1  2  3  4  5  6  7  8 |
---------------+-------------------------+-----
Ranged Weapons | 3 4 5 6 7 9 |  9.1
Fighting       | 2 4 5 |  5.9
Armour         | 1 2 |  2.1
Dodging        | 2 |  2.0
Spellcasting   | |  1.0
Hexes          | |  2.6

Action                     |  1- 3 |  4- 6 |  7- 9 || total
---------------------------+-------+-------+-------++-------
   Fire: Sling             |    60 |   277 |   316 ||   653
         Orcbow            |       |       |    43 ||    43
 Invoke: Heroism           |       |       |     1 ||     1
    Use: Scroll            |     1 |    12 |     3 ||    16
         Potion            |     1 |     5 |     1 ||     7
 Armour: Ring mail         |    10 |   112 |   113 ||   235
  Dodge: Dodged            |    27 |   120 |   123 ||   270

Table legend:
 A = Non-vault XP
 B = Vault XP
 C = Vault XP percentage of total XP
 D = Non-vault monster count
 E = Vault monster count
 F = Vault count percentage of total count
                 A         B        C        D         E       F
            +---------+---------+-------+---------+---------+-------
      Total |    1392 |     785 |  36.1 |      95 |      32 |  25.2
            +---------+---------+-------+---------+---------+-------
        D:1 |      53 |       0 |   0.0 |      21 |       0 |   0.0
        D:2 |      84 |       0 |   0.0 |      17 |       0 |   0.0
        D:3 |     272 |      89 |  24.7 |      21 |       4 |  16.0
        D:4 |     459 |       0 |   0.0 |      20 |       0 |   0.0
        D:5 |     524 |       0 |   0.0 |      16 |       0 |   0.0
      Sewer |       0 |     696 | 100.0 |       0 |      28 | 100.0
            +---------+---------+-------+---------+---------+-------
